 Dungeon Crawl Stone Soup version 0.30.1-11-g7821555f0a (webtiles) character file.

Game seed: 7152589004054877388

2179 porpoise the Skirmisher (level 9, 0/123 HPs)
             Began as a Minotaur Hunter on Dec 26, 2023.
             Was an Initiate of Hepliaklqana.
             Slain by a boulder beetle (18 damage)
             ... on level 7 of the Dungeon.
             The game lasted 00:18:40 (7107 turns).

porpoise the Skirmisher (Minotaur Hunter)           Turns: 7107, Time: 00:18:40

Health: 0/123      AC:  5    Str: 17    XL:     9   Next: 11%
Magic:  9/17       EV: 11    Int:  6    God:    Hepliaklqana [......]
Gold:   441        SH:  5    Dex: 17    Spells: 8/8 levels left

rFire   . . .        b - +3 dire flail of the Fool {freeze, *Rage *Slow rN+++ MP+9}
rCold   . . .        (shield currently unavailable)
rNeg    + + +        g - +0 ring mail
rPois   .            (helmet restricted)
rElec   .            (no cloak)
rCorr   .            (no gloves)
SInv    .            (no boots)
Will    .....        f - amulet of reflection Stlth
                     (no ring)
HPRegen 0.40/turn    (no ring)
MPRegen 0.15/turn

%: random rage (20%), slow self (1%), reflection
@: berserking, very quick
A: horns 2, retaliatory headbutt
a: Renounce Religion


You were on level 7 of the Dungeon.
You worshipped Hepliaklqana.
Hepliaklqana was noncommittal.
You visited 2 branches of the dungeon, and saw 9 of its levels.
You also visited: Sewer and Ossuary.

You collected 441 gold pieces.

Inventory:

Hand Weapons
 a - a +0 shortbow
 b - the +3 dire flail of the Fool (weapon) {freeze, *Rage *Slow rN+++ MP+9}
   (You found it on level 6 of the Dungeon)

   rN:        It renders you almost immune to negative energy.
   MP:        It affects your magic capacity (+9).
   *Rage:     It berserks you when you make melee attacks (+20% chance).
   *Slow:     It may slow you when you take damage.
 j - a +0 flail
 E - a +0 battleaxe
 F - a +1 trident of venom
 L - a +0 flail of holy wrath
Missiles
 l - 3 javelins
 m - 16 poisoned darts
 u - a curare-tipped dart
 y - 5 boomerangs
Armour
 c - a +0 leather armour
 g - a +0 ring mail (worn)
Jewellery
 f - an amulet of reflection (around neck)
 t - an amulet of magic regeneration
 z - a ring of fire
Wands
 M - a wand of roots (4)
Scrolls
 d - 2 scrolls of amnesia
 k - 3 scrolls of fear
 r - 5 scrolls of blinking
 w - a scroll of fog {unknown}
 A - a scroll of poison {unknown}
 B - 5 scrolls of teleportation
 C - 3 scrolls of identify
 D - 2 scrolls of immolation
 G - a scroll of butterflies {unknown}
 I - a scroll of enchant armour {unknown}
 J - 7 scrolls of noise
 K - a scroll of brand weapon {unknown}
Potions
 e - 2 potions of attraction
 h - 13 potions of curing
 i - 2 potions of might
 n - 4 potions of flight
 o - a potion of invisibility
 p - a potion of resistance
 q - 2 potions of mutation
 s - 3 potions of lignification
 v - 3 potions of heal wounds
 x - a potion of haste
 H - a potion of magic


   Skills:
 + Level 8.4 Fighting
 * Level 11.4 Ranged Weapons
 - Level 3.0 Armour
 - Level 2.1 Dodging
 - Level 0.7 Stealth


You had 8 spell levels left.
You didn't know any spells.
Your spell library contained the following spells:

 Spells                   Type           Power      Damage    Failure   Level
 Apportation              Tloc           0%         N/A       65%         1
 Necrotise                Necr           0%         1d4       65%         1
 Summon Small Mammal      Summ           0%         N/A       65%         1
 Scorch                   Fire           0%         2d5       80%         2
 Flame Wave               Conj/Fire      0%         2d4       100%        4
 Summon Cactus Giant      Summ           0%         N/A       100%        6


Dungeon Overview and Level Annotations

Branches:
Dungeon (8/15)             Temple (1/1) D:7           Sewer (visited)
Ossuary (visited)
   Lair: D:8-11

Altars:
Elyvilon
Gozag
Hepliaklqana
Kikubaaqudgha
Nemelex Xobeh
Okawaru
Sif Muna
Trog
Uskayaw
Zin
The Shining One

Shops:
D:6 :


Innate Abilities, Weirdness & Mutations

You have a pair of horns on your head.
You reflexively headbutt those who attack you in melee.


Message History

The boulder beetle is lightly wounded.
You feel sick. The boulder beetle barely misses you.
You hit the boulder beetle but do no damage.
The boulder beetle is lightly wounded.
You feel sick. The boulder beetle bites you!
* * * LOW HITPOINT WARNING * * *
You hit the boulder beetle but do no damage.
The boulder beetle is lightly wounded.
You feel sick. The boulder beetle barely misses you. You furiously retaliate!
You headbutt the boulder beetle. The boulder beetle misses you.
A red film seems to cover your vision as you go berserk!
You feel yourself moving faster!
You feel mighty!
You barely miss the boulder beetle.
You headbutt the boulder beetle, but do no damage.
The boulder beetle is moderately wounded.
You feel sick. The boulder beetle bites you!
* * * LOW HITPOINT WARNING * * *
You hit the boulder beetle but do no damage.
The boulder beetle is lightly wounded.
You feel sick.
You are no longer poisoned.
The boulder beetle bites you.
* * * LOW HITPOINT WARNING * * *
You sock the boulder beetle! You freeze the boulder beetle.
The boulder beetle is heavily wounded.
The boulder beetle waves its antennae.
The boulder beetle barely misses you. You furiously retaliate!
You headbutt the boulder beetle!
You hit the boulder beetle but do no damage.
The boulder beetle is heavily wounded.
You block the boulder beetle's attack.
The iguana hisses menacingly.
You sock the boulder beetle! You freeze the boulder beetle.
You headbutt the boulder beetle!
The boulder beetle is almost dead.
You hit the boulder beetle but do no damage.
Your headbutt misses the boulder beetle.
The boulder beetle is almost dead.
The boulder beetle bites you!!
You die...

##...^#.# #..
#..#...#+# #..
#..###.#.. #..
#...##.#... #..
#.#....#... #..
#.###..#.... #..
#..#...#....######
#.#
##.....#..)lB....#
#.. ##....# #@.⌠.#
#.# ##(..# #.⌠..# #..
#...# #....# #..
##..#########'#
######.#
##.......#....#
#.##...#
##........#....#
#))....#
##.<..##...#....#
#.##...#
#...#####..#>...#
#)##...# ##..##
##.###########.##....


You could see a boulder beetle and an iguana.

Vanquished Creatures
  A wyvern (D:7)
  2 ice beasts
  An ogre (D:5)
  A centaur (D:6)
  A kobold brigand (Sewer)
  A gnoll sergeant (D:7)
  2 bullfrogs (D:6)
  2 scorpions
  3 wights (D:6)
  2 human zombies (Ossuary)
  A centaur zombie (Ossuary)
  A jelly (D:5)
  6 hounds
  An iguana (D:5)
  A sleepcap (D:5)
  3 orc priests
  13 orc wizards
  2 mummies (Ossuary)
  8 gnolls
  9 adders
  A river rat (Sewer)
  A shadow imp (D:5)
  An ufetubus (D:7)
  2 worms
  6 dart slugs
  29 orcs
  9 ball pythons
  8 bats
  9 endoplasms
  9 giant cockroaches
  A gnoll zombie (Ossuary)
  6 goblins
  7 hobgoblins
  7 jackals
  9 kobolds
  6 quokkas
  4 frilled lizards
  A goblin skeleton (D:5)
  4 hobgoblin zombies
  5 kobold zombies
  An orc skeleton (D:5)
  3 orc zombies
  8 rats
198 creatures vanquished.

Vanquished Creatures (others)
  An orc wizard (D:7)
1 creature vanquished.

Grand Total: 199 creatures vanquished

Notes
Turn   | Place    | Note
-------+----------+-------------------------------------------
     0 | D:1      | porpoise the Minotaur Hunter began the quest for the Orb.
     0 | D:1      | Reached XP level 1. HP: 18/18 MP: 0/0
    23 | D:1      | Found a faded altar of an unknown god.
   145 | D:1      | Reached XP level 2. HP: 25/25 MP: 1/1
   318 | D:1      | You fall into a shaft and drop 1 floor!
   372 | D:2      | Reached skill level 5 in Ranged Weapons
   716 | D:2      | Reached XP level 3. HP: 31/31 MP: 2/2
   986 | D:1      | Reached skill level 1 in Armour
  1552 | D:3      | Reached XP level 4. HP: 30/38 MP: 3/3
  1821 | D:3      | Found a shimmering blue altar of Sif Muna.
  1956 | D:3      | Found a white marble altar of Elyvilon.
  2118 | D:3      | Found an iron altar of Okawaru.
  2438 | D:4      | Reached skill level 6 in Ranged Weapons
  2438 | D:4      | Reached XP level 5. HP: 45/46 MP: 4/4
  2677 | D:4      | Reached XP level 6. HP: 53/53 MP: 5/5
  2909 | D:4      | Reached skill level 7 in Ranged Weapons
  3239 | D:5      | Entered Level 5 of the Dungeon
  3264 | D:5      | Reached skill level 5 in Fighting
  3280 | D:5      | Found a sparkling altar of Nemelex Xobeh.
  3284 | D:5      | Found a glowing drain.
  3309 | Sewer    | Entered a sewer
  3460 | Sewer    | Reached XP level 7. HP: 61/61 MP: 6/6
  3511 | Sewer    | Found a white marble altar of Elyvilon.
  3734 | D:5      | Found a glowing golden altar of the Shining One.
  3881 | D:5      | Reached skill level 8 in Ranged Weapons
  4262 | D:6      | Reached skill level 9 in Ranged Weapons
  4307 | D:6      | Reached XP level 8. HP: 42/69 MP: 7/7
  4566 | D:6      | Identified the +3 dire flail of the Fool {freeze, *Rage
                  | *Slow rN+++ MP+9}
  4660 | D:6      | Found a sand-covered staircase.
  4665 | Ossuary  | Entered an ossuary
  4783 | Ossuary  | Reached skill level 10 in Ranged Weapons
  5330 | D:6      | Found Elulaar's Book Shoppe.
  5354 | D:6      | Found a bloodstained altar of Trog.
  5780 | D:6      | Found an opulent altar of Gozag.
  5996 | D:6      | Found a glowing silver altar of Zin.
  6097 | D:7      | Reached skill level 11 in Ranged Weapons
  6253 | D:7      | Reached XP level 9. HP: 54/79 MP: 8/8
  6653 | D:7      | Found a staircase to the Ecumenical Temple.
  6662 | Temple   | Entered the Ecumenical Temple
  6669 | Temple   | Became a worshipper of Hepliaklqana the Forgotten
  7093 | D:7      | Noticed a boulder beetle
  7107 | D:7      | Slain by a boulder beetle

Illustrated notes

Levels and vault maps discovered:
D:1:      dpeg_arrival_rooms_a, layout_basic, basic_ecumenical_altar,
          minmay_misc_feat_pillars
D:2:      layout_loops_ring, serial_bayou, serial_bayou_pond_b,
          serial_bayou_shore_b, serial_bayou_lake_a, serial_bayou_lagoon_a,
          serial_bayou_crossing, chequers_serial_rivers_micro_d,
          minmay_octomino_e4
D:3:      layout_basic, okawaru_trees_1, mainiacjoe_overflow_cross_hatched,
          mainiacjoe_overflow_boulevard, minmay_misc_feat_hallway,
          grunt_ministairs_15, minmay_misc_feat_four_crosses
D:4:      minmay_skewed_foursquare, layout_rooms
D:5:      layout_cave_pools, nicolae_tso_besieged_by_evil,
          nemelex_xobeh_ov_fountains_minmay, portal_sewer_entry_f
D:6:      layout_loops_ring, pdpol_temple_overflow_zin_treasury_gozag_greed,
          nicolae_overflow_crystal_walls, serial_shops, shop, enter_ossuary_2,
          grunt_ministairs_11, nicolae_half_adder
D:7:      minmay_klotski, layout_rooms, minmay_temple_entry_grid
D:8:      layout_loops_corners
Temple:   nicolae_temple_bog_church

Skill      XL: |  1  2  3  4  5  6  7  8 |
---------------+-------------------------+-----
Fighting       | 3 4 5 6 8 |  8.4
Ranged Weapons | 5 6 7 9 11 | 11.4
Armour         | 1 2 3 |  3.0
Dodging        | |  2.1
Stealth        | |  0.7

Action                     |  1- 3 |  4- 6 |  7- 9 || total
---------------------------+-------+-------+-------++-------
  Melee: Shortbow          |       |       |     2 ||     2
         Dire flail        |       |       |    15 ||    15
         Headbutt          |       |       |     2 ||     2
   Fire: Shortbow          |   143 |   213 |   383 ||   739
  Evoke: Wand              |       |       |     1 ||     1
    Use: Scroll            |     4 |     6 |     5 ||    15
         Potion            |       |       |     1 ||     1
 Armour: Leather armour    |     2 |       |       ||     2
         Ring mail         |    20 |    14 |    76 ||   110
  Dodge: Dodged            |    40 |    51 |   117 ||   208
  Block: Other             |    14 |    17 |    40 ||    71
         Reflection        |     1 |     3 |     1 ||     5
